Workbook
Name _Toc140149825_1: [1]JURIDICA!#REF!
Name _Toc140149825_1: [1]JURIDICA!#REF!
Name _Toc140149825_59: #REF!
Name _Toc140149825_59: #REF!
Name _Toc142149825_60: #REF!
Name _Toc142149825_60: #REF!
Name AMOR: [1]JURIDICA!#REF!
Name AMOR: [1]JURIDICA!#REF!
Name bg: #REF!
Name cvehiculo: [2]!Tabla3[CLASE DE VEHICULO]
Name estadof: [3]Hoja4!$B$2:$B$15
Name FFFFFFF: #REF!
Name FFFFFFF: #REF!
Name g: [1]JURIDICA!#REF!
Name GENERAL: [1]JURIDICA!#REF!
Name GG: [1]JURIDICA!#REF!
Name GG: [1]JURIDICA!#REF!
Name GGGGGG: #REF!
Name GGGGGG: #REF!
Name Grupo: [4]Listas!$B$2:$B$3
Name opcion2: '[5]CUADRO RESUMEN'!$L$21
Name opcion3: '[5]CUADRO RESUMEN'!$L$22
Name opcion4: '[5]CUADRO RESUMEN'!$L$23
Name opcion5: '[5]CUADRO RESUMEN'!$L$24
Name opcion6: '[5]CUADRO RESUMEN'!$L$25
Name RamoAmparo: [3]Hoja4!$A$2:$A$57
Name Servicio: [4]Listas!$G$2:$G$17
Name tadquisicion: [4]Listas!$A$2:$A$8
Name TipodeVehiculo: [4]Listas!$C$2:$C$10

Sheet ESTUDIO DE MERCADO
B2: INSTITUTO DISTRITAL DE DEPORTE Y RECREACION - IDER
B3: ESTUDIO DE MERCADO
B4: PROCESO DE CONTRATACION PROGRAMA DE SEGUROS
B5: SELECCIÓN ABREVIADA MENOR CUANTIA
H6: 2447901008
B8: VIGENCIA PROYECTADA | C8: GRUPO UNICO | F8: PRESUPUESTO DE LA ENTIDAD PARA EL PROCESO
B9: VIGENCIA DESDE 00:00 HORAS | C9: 46193 | F9: PRESUPUESTO PROYECTADO | H9: =K23 -> 321471542
B10: VIGENCIA HASTA 00:00 HORAS | C10: =C9+C11 -> 46492
B11: DIAS DE COBERTURA PROYECTADOS | C11: 299
B13: Fecha de elaboración: 12 de mayo 2026
B14: GRUPO ÚNICO | F14: PRIMA ANUAL | I14: PRIMA PERIODO PROYECTADO
B15: RAMO | C15: VALOR ASEGURADO | D15: TASA ANUAL ESTUDIO MERCADO | F15: PRIMA NETA ANUAL | G15: IVA 19% | H15: TOTAL PRIMA ANUAL INCLUIDO IVA | I15: PRIMA NETA PROYECTADA | J15: IVA 19% | K15: TOTAL PRIMA PROYECTADA
B16: TODO RIESGO DAÑOS MATERIALES | C16: ='RELACION TRDM'!D21 -> 1.9212208e+11 | D16: ='TASAS PROMEDIO'!I8 -> 1.59225 | E16: %o | F16: =ROUND((C16*D16/1000),0) -> 305906378 | G16: =ROUND((F16*19%),0) -> 58122212 | H16: =ROUND((F16+G16),0) -> 364028590 | I16: =F16/365*C11 -> 2.505918e+08 | J16: =ROUND((I16*19%),0) -> 47612442 | K16: =ROUND((I16+J16),0) -> 298204242
B17: INDICE VARIABLE TODO RIESGO DAÑOS MATERIALES (5%) | C17: ='RELACION TRDM'!E21 -> 8.7888279e+09 | D17: =D16/2 -> 0.796125 | E17: %o | F17: =ROUND((C17*D17/1000),0) -> 6997006 | G17: =ROUND((F17*19%),0) -> 1329431 | H17: =ROUND((F17+G17),0) -> 8326437 | I17: =F17/365*C11 -> 5731794 | J17: =ROUND((I17*19%),0) -> 1089041 | K17: =ROUND((I17+J17),0) -> 6820835
B18: TOTAL TODO RIESGO DAÑOS MATERIALES | C18: =C16+C17 -> 2.0091091e+11 | H18: =SUM(H16:H17) -> 372355027 | K18: =SUM(K16:K17) -> 305025077
B19: MANEJO GLOBAL ENTIDADES OFICIALES | C19: 120000000 | D19: ='TASAS PROMEDIO'!I12 -> 10.65625 | E19: % | F19: =ROUND((C19*D19/100),0) -> 12787500 | G19: =ROUND((F19*19%),0) -> 2429625 | H19: =ROUND((F19+G19),0) -> 15217125 | I19: =F19/365*C11 -> 10475240 | J19: =ROUND((I19*19%),0) -> 1990296 | K19: =ROUND((I19+J19),0) -> 12465536
B20: RESP. CIVIL EXTRACTUAL | C20: 1100000000 | D20: ='TASAS PROMEDIO'!I16 -> 3.7125 | E20: %o | F20: =ROUND((C20*D20/1000),0) -> 4083750 | G20: =ROUND((F20*19%),0) -> 775913 | H20: =ROUND((F20+G20),0) -> 4859663 | I20: =F20/365*C11 -> 3345318.5 | J20: =ROUND((I20*19%),0) -> 635611 | K20: =ROUND((I20+J20),0) -> 3980929
B21: TOTAL GRUPO ÚNICO
B23: TOTAL PRESUPUESTO ESTIMADO | H23: =H18+H19+H20 -> 392431815 | K23: =SUM(K18:K20) -> 321471542
B27: NOMBRE RUBRO | C27: RAMOS QUE CONFORMAN CADA RUBRO | E27: PROYECCIÓN OFICIAL INICIAL POR RUBRO
B28: Proyecto Inversion | C28: Todo Riesgo Daño Material | E28: =+K18 -> 305025077
B30: Funcionamiento | C30: Manejo Global | E30: =+K19+K20 -> 16446465
C31: Responsabilidad civil Extracontractual
B32: TOTAL PRESUPUESTO GRUPO ÚNICO | E32: =SUM(E28:E31) -> 321471542

Sheet TASAS PROMEDIO
C1: INSTITUTO DISTRITAL DE DEPORTE Y RECREACION - IDER
C2: TIPO DE PROCESO
B3: SELECCIÓN ABREVIADA MENOR CUANTIA
C4: DETERMINACIÓN TASAS PROMEDIOS
B6: RAMO | C6: ENTIDAD | D6: PROCESO DE CONTRATACION | E6: LIMITE ASEGURADO | F6: TASAS | G6: CALCULO DE TASA PROMEDIO
G7: PROMEDIO TASA MERCADO (A) | H7: AJUSTE POR SINIESTRALIDAD | I7: TASA FINAL PROMEDIO | J7: TIPO DE TASA % - %o
B8: TODO RIESGO DAÑOS MATERIALES | C8: INSTITUTO DISTRITAL DE DEPORTE Y RECREACIÓN DE CARTAGENA - IDER | D8: MC-IDER-002-2026 | E8: 134393000000 | F8: 0.819 | G8: =AVERAGE(F8:F11) -> 1.59225 | H8: 0 | I8: =G8+H9 -> 1.59225 | J8: %o
C9: INSTITUCION UNIVERSITARIA MAYOR DE CARTAGENA | D9: SA-MC-05-2026 | E9: 65529000000 | F9: 1.56 | H9: =G8*H8 -> 0
C10: INSTITUTO DE PATRIMONIO Y CULTURA DE CARTAGENA- IPCC | D10: SAMC-IPCC-002-2026 | E10: 91312000000 | F10: 1.47
C11: INSTITUTO MUNICIPAL DE DEPORTE Y RECREACION DE CUCUTA | D11: IMRD-SAMC-007-2025 | E11: 5704878116 | F11: 2.52
B12: MANEJO GLOBAL | C12: INSTITUTO DISTRITAL DE DEPORTE Y RECREACIÓN DE CARTAGENA - IDER | D12: MC-IDER-002-2026 | E12: 120000000 | F12: 6.3 | G12: =AVERAGE(F12:F15) -> 6.875 | H12: 0.55 | I12: =+G12+H13 -> 10.65625 | J12: %
C13: INSTITUTO DE PATRIMONIO Y CULTURA DE CARTAGENA- IPCC | D13: SAMC-IPCC-002-2026 | E13: 200000000 | F13: 6.8 | H13: =+G12*H12 -> 3.78125
C14: INSTITUCION UNIVERSITARIA MAYOR DE CARTAGENA | D14: SA-MC-05-2026 | E14: 300000000 | F14: 6.4
C15: INSTITUTO MUNICIPAL DE DEPORTE Y RECREACION DE CUCUTA | D15: IMRD-SAMC-007-2025 | E15: 120000000 | F15: 8
B16: RESPONSABILIDAD CIVIL EXTRACONTRACTUAL | C16: INSTITUTO DISTRITAL DE DEPORTE Y RECREACIÓN DE CARTAGENA - IDER | D16: MC-IDER-002-2026 | E16: 1100000000 | F16: 4.45 | G16: =AVERAGE(F16:F19) -> 3.7125 | H16: 0 | I16: =G16+H17 -> 3.7125 | J16: %
C17: INSTITUTO DE PATRIMONIO Y CULTURA DE CARTAGENA- IPCC | D17: SAMC-IPCC-002-2026 | E17: 1000000000 | F17: 2.5 | H17: =G16*H16 -> 0
C18: INSTITUCION UNIVERSITARIA MAYOR DE CARTAGENA | D18: SA-MC-05-2026 | E18: 10000000000 | F18: 2.9
C19: INSTITUTO MUNICIPAL DE DEPORTE Y RECREACION DE CUCUTA | D19: IMRD-SAMC-007-2025 | E19: 800000000 | F19: 5

Sheet RELACION TRDM
B3: PROYECCIÓN SELECCIÓN ABREVIADA MENOR CUANTIA
B5: RELACIÓN BIENES Y VALORES ASEGURADOS
B7: TODO RIESGO DAÑOS MATERIALES
B9: Fecha de elaboración: 12 de mayo 2026
B10: DETALLE | D10: VALOR ASEGURADO | E10: INDICE VARIABLE ANUAL 5% | F10: TOTAL VALOR ASEGURADO
B11: EDIFICIOS - ESCENARIOS DEPORTIVOS | D11: =F32 -> 163255192934 | E11: =+D11*5% -> 8.1627596e+09 | F11: =+D11+E11 -> 1.7141795e+11
B12: CONTENIDOS EN GENERAL (muebles y enseres, equipo de Oficina, bienes y utilies de cafetería y aseo, libros) | D12: 1783578891 | E12: =+D12*5% -> 89178945 | F12: =+D12+E12 -> 1.8727578e+09
B13: EQUIPO ELÉCTRICO, ELECTRÓNICO Y DE COMUNICACIÓN (incluidos equipos móviles y portátiles, licencias y software) | D13: 3902811242 | E13: =+D13*5% -> 1.9514056e+08 | F13: =+D13+E13 -> 4.0979518e+09
B14: MAQUINARIA Y EQUIPO | D14: 6834974989 | E14: =+D14*5% -> 3.4174875e+08 | F14: =+D14+E14 -> 7.1767237e+09
B15: ADECUACIÓN DE CONSTRUCCIONES A LAS NORMAS DE SISMORESISTENCIA (5% del valor asegurado de Edificios) | D15: =D11*5% -> 8.1627596e+09 | F15: =+D15+E15 -> 8.1627596e+09
B16: ADECUACIÓN DE SUELOS Y TERRENOS (5% del valor asegurado de Edificios) | D16: =D11*5% -> 8.1627596e+09 | F16: =+D16+E16 -> 8.1627596e+09
B17: SUBTOTAL DE VALORES ASEGURADOS | D17: =SUM(D11:D16) -> 1.9210208e+11 | E17: =SUM(E11:E16) -> 8.7888279e+09 | F17: =SUM(F11:F16) -> 2.0089091e+11
B18: SUBLIMITES
B19: DINERO Y TÍTULOS VALORES DENTRO Y FUERA DE CAJA FUERTE. | D19: 20000000 | E19: 0 | F19: =+D19+E19 -> 20000000
B20: SUBTOTAL DE SUBLÍMITES | D20: =SUM(D19:D19) -> 20000000 | E20: =SUM(E19:E19) -> 0 | F20: =SUM(F19:F19) -> 20000000
B21: TOTAL TRDM (TASA %o) | D21: =D17+D20 -> 1.9212208e+11 | E21: =E17+E20 -> 8.7888279e+09 | F21: =F17+F20 -> 2.0091091e+11
B23: NOTA 1: EL OFERENTE DEBERÁ OFRECER UNA TASA ÚNICA PARA ESTE SEGURO, LA CUAL SE APLICARÁ PARA TODOS LOS MOVIMIENTOS QUE SE REALICEN DURANTE LA VIGENCIA DE LA PÓLIZA.
B24: NOTA 2: EL OFERENTE EN SU OFERTA, DEBERÁ CALCULAR EL ÍNDICE VARIABLE DE ACUERDO A LA TOTALIDAD DE LA VIGENCIA OFRECIDA.
B25: NOTA 3: EL VALOR ASEGURADO CON EL QUE SE REALIZO ESTE ESTUDIO DE MERCADO CORRESPONDE AL VALOR ACTUALIZADO HASTA MAYO 2026 ENTREGADO POR LA ENTIDAD
B27: ESCENARIOS DEPORTIVOS ASEGURADOS | E27: 0.05
B28: ESTADIO DE BEISBOL 11 DE NOVIEMBRE " JAIME LEAL DIAZ | D28: 48034964485 | E28: 1 | F28: =D28+E28 -> 48034964486
B29: ESTADIO DE FUTBOL JAIME MORON LEON | D29: 64772969448 | E29: 1 | F29: =D29+E29 -> 64772969449
B30: COMPLEJO ACUATICO | D30: 1402859000 | E30: 1 | F30: =D30+E30 -> 1402859001
B31: COLISEO DE COMBATE | D31: 49044400000 | E31: 1 | F31: =D31+E31 -> 49044400001
B32: TOTAL ESCENARIOS DEPORTIVOS | D32: =SUM(D28:D31) -> 163255192933 | E32: 1 | F32: =D32+E32 -> 163255192934

Sheet DISTRIBUCION DEL RIESGO
C2: INSTITUTO DISTRITAL DE DEPORTE Y RECREACIÓN DE CARTAGENA - IDER
C3: PROCESO DE CONTRATACIÓN PROGRAMA DE SEGUROS
C7: ESCENARIOS DEPORTIVOS | D7: EDIFICIOS | E7: CONTENIDOS | G7: EQUIPO ELECTRICO Y ELECTRÓNICO | H7: MAQUINARIA Y EQUIPO | I7: TOTALES
B9: 1 | C9: COMPLEJO ACUÁTICO | D9: 1402859000 | E9: 757239380 | G9: 401268454 | H9: 2359181433 | I9: =SUM(E9:H9) -> 3517689267
B10: 2 | C10: COMPLEJO RAQUETAS | E10: 83287453 | G10: 60721011 | H10: 407098283 | I10: =SUM(E10:H10) -> 551106747
B11: 3 | C11: ESTADIO JAIME MORÓN | D11: 64772969448 | E11: 432392245 | G11: 2399077063 | H11: 1200529828 | I11: =SUM(E11:H11) -> 4031999136
B12: 4 | C12: SEDE CHICO DE HIERRO | E12: 217262347 | G12: 646836292 | H12: 41562990 | I12: =SUM(E12:H12) -> 905661629
B13: 5 | C13: COLISEO DE COMBATE | D13: 49044400000 | E13: 197973345 | G13: 12154192 | H13: 458226051 | I13: =SUM(E13:H13) -> 668353588
B14: 6 | C14: COLISEO NORTHON MADRID | E14: 7429722 | G14: 50292108 | H14: 372401820 | I14: =SUM(E14:H14) -> 430123650
B15: 7 | C15: ESTADIO BEISBOL 11 DE NOVIEMBRE | D15: 48034964485 | E15: 72704771 | G15: 161285888 | H15: 936896816 | I15: =SUM(E15:H15) -> 1170887475
B16: 8 | C16: ESTADIO DE CHIQUINQUIRÁ | E16: 10852223 | G16: 129011498 | H16: 394193166 | I16: =SUM(E16:H16) -> 534056887
B17: 9 | C17: PISTA ATLÉTICA | E17: 2046030 | G17: 36395748 | H17: 660474707 | I17: =SUM(E17:H17) -> 698916485
B18: 10 | C18: PATINODROMO | E18: 2391375 | G18: 5768988 | H18: 4409895 | I18: =SUM(E18:H18) -> 12570258
C19: TOTALES | D19: =SUM(D9:D18) -> 163255192933 | E19: =SUM(E9:E18) -> 1783578891 | G19: =SUM(G9:G18) -> 3902811242 | H19: =SUM(H9:H18) -> 6834974989 | I19: =SUM(I9:I18) -> 12521365122

Sheet PROPUESTA REFERENCIA
A1: SAMC-IPCC-002-2026
A32: MC-IDER-002-2026
A66: INSTITUTO MUNICIPAL DE DEPORTE Y RECREACION DE CUCUTA IMRD-SAMC-007-2025
A97: PROCESO MENOR CUANTIA No. SA-MC-05-2026

Sheet SINIESTRALIDAD
A1: SE ANEXA SINIESTRALIDAD ENTREGADA POR AXA COLPATRIA SEGUROS S.A.
